ATL
ROAD WARRIORS @ HIGH POINT ROCKERS
08/18/2072
 
TOP OF THE 1ST
Roswell Invaders batting - Pitching for Tucson Saguaros : RHP Brad Silva
Pitching: RHP Brad Silva
Batting: RHB Jesus Villanueva 0-0: Ball
1-0: Called Strike
1-1: Ball
2-1: Swinging Strike
2-2: Strikes out swinging, 2-3 out at first.
Batting: SHB Jesse Kolb 0-0: Ball
1-0: Fly out, F9 (Line Drive, 9, EV 91.9 MPH)
Batting: RHB Ramon Mendez 0-0: Swinging Strike
0-1: Foul Ball, location: 2F
0-2: Foul Ball, location: 2F
0-2: Foul Ball, location: 2F
0-2: Strikes out swinging
Top of the 1st over - 0 runs, 0 hits, 0 errors, 0 left on base; Roswell 0 - Tucson 0
BOTTOM OF THE 1ST
Tucson Saguaros batting - Pitching for Roswell Invaders : RHP Taylor Peterson
Pitching: RHP Taylor Peterson
Batting: RHB Jose Romero 0-0: Foul Ball, location: 2F
0-1: Ball
1-1: Ball
2-1: Ball
3-1: Foul Ball, location: 2F
3-2: Base on Balls
Batting: RHB Marcell Gavallo 0-0: Ball
1-0: Ball
2-0: Grounds into double play, 4-6-3 (Groundball, 4, EV 80.6 MPH)
Batting: RHB Jimmy Griffis 0-0: Called Strike
0-1: Foul Ball, location: 2F
0-2: Foul Ball, location: 2F
0-2: Foul Ball, location: 2F
0-2: Ball
1-2: Ball
2-2: SINGLE (Groundball, 56D, EV 98.1 MPH)
Batting: RHB Alonzo Estrada 0-0: Ball
1-0: Called Strike
1-1: Foul Ball, location: 2F
1-2: Foul Ball, location: 2F
1-2: Ball
2-2: Fielders Choice at 2nd, U6 (Groundball, 6M, EV 82.5 MPH)
Bottom of the 1st over - 0 runs, 1 hit, 0 errors, 1 left on base; Roswell 0 - Tucson 0
TOP OF THE 2ND
Roswell Invaders batting - Pitching for Tucson Saguaros : RHP Brad Silva
Batting: RHB Salvino Ortiz 0-0: Ball
1-0: Ball
2-0: Ball
3-0: Base on Balls
Batting: LHB Fernando Sierra 0-0: Swinging Strike
0-1: Ball
1-1: Foul Ball, location: 2F
1-2: Foul Ball, location: 2F
1-2: Strikes out swinging
Batting: RHB Angel Lagunes 0-0: Ball
1-0: SINGLE (Groundball, 56D, EV 98.1 MPH)
Salvino Ortiz to second
Batting: RHB Bobby Serrano 0-0: Ball
1-0: Called Strike
1-1: Grounds into double play, 3-6-3 (Groundball, 34, EV 106.2 MPH)
Top of the 2nd over - 0 runs, 1 hit, 0 errors, 1 left on base; Roswell 0 - Tucson 0
BOTTOM OF THE 2ND
Tucson Saguaros batting - Pitching for Roswell Invaders : RHP Taylor Peterson
Batting: RHB Luis Avila 0-0: Ball
1-0: Called Strike
1-1: SINGLE (Line Drive, 78S, EV 110.6 MPH)
Batting: RHB Ben Cornell 0-0: Called Strike
0-1: Ball
1-1: Fly out, F6 (Flyball, 6MD, EV 83.1 MPH)
Batting: RHB Troy Lahr 0-0: Called Strike
0-1: Ball
1-1: Ball
2-1: Foul Ball, location: 2F
2-2: Ball
3-2: Ground out 4-3 (Groundball, 4, EV 83.8 MPH)
Luis Avila to second
Batting: RHB Chris Panzarella 0-0: Fly out, F9 (Flyball, 89M, EV 90.0 MPH)
Bottom of the 2nd over - 0 runs, 1 hit, 0 errors, 1 left on base; Roswell 0 - Tucson 0
TOP OF THE 3RD
Roswell Invaders batting - Pitching for Tucson Saguaros : RHP Brad Silva
Batting: RHB Ausar Rankin 0-0: Called Strike
0-1: Ball
1-1: Called Strike
1-2: Ball
2-2: Ball
3-2: Strikes out swinging
Batting: RHB Taylor Peterson 0-0: Ground out 5-3 (Groundball, 56, EV 86.2 MPH)
Batting: RHB Jesus Villanueva 0-0: Hit by Pitch
Batting: SHB Jesse Kolb 0-0: Ball
1-0: Called Strike
1-1: Foul Ball, location: 2F
1-2: Strikes out swinging
Top of the 3rd over - 0 runs, 0 hits, 0 errors, 1 left on base; Roswell 0 - Tucson 0
BOTTOM OF THE 3RD
Tucson Saguaros batting - Pitching for Roswell Invaders : RHP Taylor Peterson
Batting: RHB Brad Silva 0-0: Ball
1-0: Ball
2-0: Called Strike
2-1: Ball
3-1: Base on Balls
Batting: RHB Jose Romero 0-0: Foul Ball, location: 2F
0-1: Called Strike
0-2: Ball
1-2: Ball
2-2: Strikes out swinging
Batting: RHB Marcell Gavallo 0-0: Ball
1-0: Ball
2-0: Called Strike
2-1: Fly out, F9 (Flyball, 9, EV 94.4 MPH)
Batting: RHB Jimmy Griffis 0-0: Called Strike
0-1: Ball
1-1: Foul Ball, location: 2F
1-2: Fly out, F7 (Flyball, 7LM, EV 90.0 MPH)
Bottom of the 3rd over - 0 runs, 0 hits, 0 errors, 1 left on base; Roswell 0 - Tucson 0
TOP OF THE 4TH
Roswell Invaders batting - Pitching for Tucson Saguaros : RHP Brad Silva
Batting: RHB Ramon Mendez 0-0: Ball
1-0: Fly out, F8 (Flyball, 8RD, EV 95.6 MPH)
Batting: RHB Salvino Ortiz 0-0: DOUBLE (Line Drive, 89D, EV 106.2 MPH)
Batting: LHB Fernando Sierra 0-0: Called Strike
0-1: Swinging Strike
0-2: Strikes out swinging
Batting: RHB Angel Lagunes 0-0: Ball
1-0: Ball
2-0: Called Strike
2-1: Foul Ball, location: 2F
2-2: Foul Ball, location: 2F
2-2: Strikes out looking
Top of the 4th over - 0 runs, 1 hit, 0 errors, 1 left on base; Roswell 0 - Tucson 0
BOTTOM OF THE 4TH
Tucson Saguaros batting - Pitching for Roswell Invaders : RHP Taylor Peterson
Batting: RHB Alonzo Estrada 0-0: Ball
1-0: Called Strike
1-1: Foul Ball, location: 2F
1-2: SINGLE (Line Drive, 7S, EV 106.2 MPH)
Batting: RHB Luis Avila 0-0: Ball
Alonzo Estrada is caught stealing 2nd base 2-4
1-0: Ground out 6-3 (Groundball, 6M, EV 80.0 MPH)
Batting: RHB Ben Cornell 0-0: Ball
1-0: SINGLE (Line Drive, 3D, EV 96.2 MPH)
Batting: RHB Troy Lahr 0-0: Ball
1-0: Ball
2-0: Foul Ball, location: 2F
2-1: Ball
3-1: Base on Balls
Ben Cornell to second
Batting: RHB Chris Panzarella 0-0: Swinging Strike
0-1: Swinging Strike
0-2: Ball
1-2: Strikes out swinging
Bottom of the 4th over - 0 runs, 2 hits, 0 errors, 2 left on base; Roswell 0 - Tucson 0
TOP OF THE 5TH
Roswell Invaders batting - Pitching for Tucson Saguaros : RHP Brad Silva
Batting: RHB Bobby Serrano 0-0: Called Strike
0-1: Hit by Pitch
Batting: RHB Ausar Rankin 0-0: Ball
1-0: Ball
2-0: Foul Ball, location: 2F
2-1: Ball
3-1: Base on Balls
Bobby Serrano to second
Batting: RHB Taylor Peterson 0-0: Sac Bunt to 15S - play at first, batter OUT! 1-4
Bobby Serrano to third
Ausar Rankin to second
Batting: RHB Jesus Villanueva 0-0: Ball
1-0: Foul Ball, location: 2F
1-1: Called Strike
1-2: Ball
2-2: SINGLE (Groundball, 34D, EV 107.5 MPH)
Bobby Serrano scores
Ausar Rankin to third
Batting: SHB Jesse Kolb 0-0: Ball
Jesus Villanueva is caught stealing 2nd base 2-6
1-0: Ground out U3 (Groundball, 34, EV 105.6 MPH)
Top of the 5th over - 1 run, 1 hit, 0 errors, 1 left on base; Roswell 1 - Tucson 0
BOTTOM OF THE 5TH
Tucson Saguaros batting - Pitching for Roswell Invaders : RHP Taylor Peterson
Batting: RHB Brad Silva 0-0: Ball
1-0: Foul Ball, location: 2F
1-1: Ball
2-1: Called Strike
2-2: Ball
3-2: SINGLE (Groundball, 5S, EV 68.8 MPH) (infield hit)
Batting: RHB Jose Romero 0-0: Called Strike
0-1: Ball
1-1: Foul Ball, location: 2F
1-2: Foul Ball, location: 2F
1-2: Strikes out swinging
Batting: RHB Marcell Gavallo 0-0: Ball
1-0: Ball
2-0: Foul Ball, location: 2F
2-1: Called Strike
2-2: Fielders Choice at 2nd, 1-6 (Groundball, 23, EV 69.4 MPH)
Batting: RHB Jimmy Griffis 0-0: Ball
Marcell Gavallo is caught stealing 2nd base 2-4
Bottom of the 5th over - 0 runs, 1 hit, 0 errors, 0 left on base; Roswell 1 - Tucson 0
TOP OF THE 6TH
Roswell Invaders batting - Pitching for Tucson Saguaros : RHP Brad Silva
Batting: RHB Ramon Mendez 0-0: Called Strike
0-1: Ball
1-1: Foul Ball, location: 2F
1-2: Foul Ball, location: 2F
1-2: Foul Ball, location: 2F
1-2: Ball
2-2: Ground out 3-1 (Groundball, 34S, EV 90.0 MPH)
Batting: RHB Salvino Ortiz 0-0: Called Strike
0-1: Foul Ball, location: 2F
0-2: Foul Ball, location: 2F
0-2: Ball
1-2: Ball
2-2: Foul Ball, location: 2F
2-2: SINGLE (Line Drive, 78S, EV 105.0 MPH)
Batting: LHB Fernando Sierra 0-0: Ball
1-0: Called Strike
1-1: DOUBLE (Line Drive, 89M, EV 100.6 MPH)
Salvino Ortiz to third
Batting: RHB Angel Lagunes 0-0: Intentional Walk
Batting: RHB Bobby Serrano 0-0: Ball
1-0: Swinging Strike
1-1: Hit by Pitch
Salvino Ortiz scores
Fernando Sierra to third
Angel Lagunes to second
Batting: RHB Ausar Rankin 0-0: Ball
1-0: Ball
2-0: Called Strike
2-1: Grounds into fielders choice 6-2 (Groundball, 6S, EV 70.6 MPH)
Angel Lagunes to third
Bobby Serrano to second
Batting: RHB Taylor Peterson 0-0: Called Strike
0-1: Ground out 5-3 (Groundball, 5S, EV 68.1 MPH)
Top of the 6th over - 1 run, 2 hits, 0 errors, 3 left on base; Roswell 2 - Tucson 0
BOTTOM OF THE 6TH
Tucson Saguaros batting - Pitching for Roswell Invaders : RHP Taylor Peterson
Batting: RHB Jimmy Griffis 0-0: Called Strike
0-1: Ball
1-1: Called Strike
1-2: Foul Ball, location: 2F
1-2: Hit by Pitch
Batting: RHB Alonzo Estrada 0-0: Foul Ball, location: 2F
0-1: Fly out, F6 (Flyball, 6MD, EV 80.6 MPH)
Batting: RHB Luis Avila 0-0: Ball
1-0: Ball
2-0: Ball
3-0: Called Strike
3-1: Grounds into double play, 4-6-3 (Groundball, 4, EV 83.8 MPH)
Bottom of the 6th over - 0 runs, 0 hits, 0 errors, 0 left on base; Roswell 2 - Tucson 0
TOP OF THE 7TH
Roswell Invaders batting - Pitching for Tucson Saguaros : RHP Brad Silva
Pitching: RHP Jamal Washington
Batting: RHB Jesus Villanueva 0-0: Foul Ball, location: 2F
0-1: Foul Ball, location: 2F
0-2: Strikes out swinging
Batting: SHB Jesse Kolb 0-0: Fly out, F9 (Line Drive, 9, EV 106.9 MPH)
Batting: RHB Ramon Mendez 0-0: Ball
1-0: Ball
2-0: Called Strike
2-1: Foul Ball, location: 2F
2-2: Ball
3-2: Strikes out swinging
Top of the 7th over - 0 runs, 0 hits, 0 errors, 0 left on base; Roswell 2 - Tucson 0
BOTTOM OF THE 7TH
Tucson Saguaros batting - Pitching for Roswell Invaders : RHP Taylor Peterson
Batting: RHB Ben Cornell 0-0: Ball
1-0: Foul Ball, location: 2F
1-1: Ball
2-1: Ball
3-1: Called Strike
3-2: Foul Ball, location: 2F
3-2: Foul Ball, location: 2F
3-2: DOUBLE (Line Drive, 7LS, EV 100.6 MPH)
Batting: RHB Troy Lahr 0-0: Ball
1-0: Called Strike
1-1: SINGLE (Groundball, 56D, EV 104.4 MPH)
Ben Cornell to third
Pitching: RHP Alejandro Bravo
Batting: RHB Chris Panzarella 0-0: Fly out, F8 (Flyball, 89D, EV 99.4 MPH)
Runner from 3rd tags up, SCORES, throw by CF
Pinch Hitting: RHB Kareem Frazier 0-0: Ball
1-0: Foul Ball, location: 2F
1-1: Swinging Strike
1-2: Foul Ball, location: 2F
1-2: Foul Ball, location: 2F
1-2: Ball
2-2: Grounds into double play, 6-4-3 (Groundball, 6M, EV 86.2 MPH)
Bottom of the 7th over - 1 run, 2 hits, 0 errors, 0 left on base; Roswell 2 - Tucson 1
TOP OF THE 8TH
Roswell Invaders batting - Pitching for Tucson Saguaros : RHP Jamal Washington
Pitching: RHP Chris Reyes
Batting: RHB Salvino Ortiz 0-0: Ball
1-0: Called Strike
1-1: SOLO HOME RUN (Flyball, 7D, EV 111.9 MPH), Distance : 388 ft
Batting: LHB Fernando Sierra 0-0: Ball
1-0: Called Strike
1-1: SINGLE (Groundball, 3S, EV 72.5 MPH) (infield hit)
Batting: RHB Angel Lagunes 0-0: Ball
1-0: Grounds into double play, 4-6-3 (Groundball, 4, EV 102.5 MPH)
Batting: RHB Bobby Serrano 0-0: Ground out 6-3 (Groundball, 6, EV 104.4 MPH)
Top of the 8th over - 1 run, 2 hits, 0 errors, 0 left on base; Roswell 3 - Tucson 1
BOTTOM OF THE 8TH
Tucson Saguaros batting - Pitching for Roswell Invaders : RHP Alejandro Bravo
Batting: RHB Jose Romero 0-0: Ball
1-0: Ball
2-0: Ball
3-0: Base on Balls
Batting: RHB Marcell Gavallo 0-0: Ball
1-0: Ball
2-0: Called Strike
2-1: Foul Ball, location: 2F
2-2: Foul Ball, location: 2F
2-2: SINGLE (Flyball, 34D, EV 86.9 MPH)
Jose Romero to second
Batting: RHB Jimmy Griffis 0-0: Ball
1-0: Ball
2-0: Ball
3-0: Base on Balls
Jose Romero to third
Marcell Gavallo to second
Batting: RHB Alonzo Estrada 0-0: Grounds into double play, 4-2-3 (Groundball, 4, EV 103.8 MPH)
Marcell Gavallo to third
Jimmy Griffis to second
Batting: RHB Luis Avila 0-0: Called Strike
0-1: Swinging Strike
0-2: Ball
1-2: Reached on error, E6 (Groundball, 6, EV 83.8 MPH)
Marcell Gavallo scores
Jimmy Griffis to third
Batting: RHB Ben Cornell 0-0: Hit by Pitch
Luis Avila to second
Batting: RHB Troy Lahr 0-0: Ball
1-0: Ball
2-0: Ball
3-0: Called Strike
3-1: Ground out U3 (Groundball, 34, EV 85.0 MPH)
Bottom of the 8th over - 1 run, 1 hit, 1 error, 3 left on base; Roswell 3 - Tucson 2
TOP OF THE 9TH
Roswell Invaders batting - Pitching for Tucson Saguaros : RHP Chris Reyes
Batting: RHB Ausar Rankin 0-0: Fly out, F5 (Popup, 5S, EV 74.4 MPH)
Pinch Hitting: RHB William Zepeda 0-0: Foul Ball, location: 2F
0-1: Swinging Strike
0-2: Foul Ball, location: 2F
0-2: Ball
1-2: Ball
2-2: DOUBLE (Flyball, 78XD, EV 104.4 MPH)
Batting: RHB Jesus Villanueva 0-0: Ball
1-0: Called Strike
1-1: Fly out, F8 (Flyball, 8LS, EV 86.9 MPH)
Batting: SHB Jesse Kolb 0-0: Fly out, F3 (Popup, 3S, EV 71.2 MPH)
Top of the 9th over - 0 runs, 1 hit, 0 errors, 1 left on base; Roswell 3 - Tucson 2
BOTTOM OF THE 9TH
Tucson Saguaros batting - Pitching for Roswell Invaders : RHP Alejandro Bravo
Pitching: LHP Alex Balbi
Now in LF: Auggie Francis
Pinch Hitting: RHB Ivan Jenkins 0-0: Ball
1-0: Ball
2-0: SINGLE (Line Drive, 8LM, EV 93.8 MPH)
Pinch Hitting: RHB Mike Proctor 0-0: Ball
1-0: Ball
2-0: Ball
3-0: Base on Balls
Ivan Jenkins to second
Batting: RHB Jose Romero 0-0: Swinging Strike
0-1: Ball
1-1: Foul Ball, location: 2F
1-2: Foul Ball, location: 2F
1-2: Ball
2-2: Fly out, F5 (Popup, 5SF, EV 70.0 MPH)
Batting: RHB Marcell Gavallo 0-0: Hit by Pitch
Ivan Jenkins to third
Mike Proctor to second
Batting: RHB Jimmy Griffis 0-0: Foul Ball, location: 2F
0-1: Foul Ball, location: 2F
0-2: Ball
1-2: Foul Ball, location: 2F
1-2: Ball
2-2: Ball
3-2: Base on Balls
Ivan Jenkins scores
Mike Proctor to third
Marcell Gavallo to second
Batting: RHB Alonzo Estrada 0-0: Ball
1-0: Fly out, F8 (Line Drive, 8RM, EV 101.2 MPH)
Batting: RHB Luis Avila 0-0: Ball
1-0: Ball
2-0: Called Strike
2-1: Called Strike
2-2: Ball
3-2: GRAND SLAM HOME RUN (Flyball, 78XD, EV 106.9 MPH), Distance : 446 ft
Bottom of the 9th over - 5 runs, 2 hits, 0 errors, 0 left on base; Roswell 3 - Tucson 7
Game Over ... Tucson defeats Roswell, 7 to 3
Sunday, October 31st , 2021 - OOTP Baseball 22.10 Build 79